 Dungeon Crawl Stone Soup version 0.29-a0-925-g0a7a3d12f8 (webtiles) character file.

Game seed: 11815106453495447917

7 Newt the Trooper (level 2, 0/19 HPs)
             Began as a Gargoyle Monk on July 29, 2022.
             Slain by a kobold
             ... wielding a +0 dagger
              (1 damage)
             ... on level 1 of the Dungeon.
             The game lasted 00:00:34 (205 turns).

Newt the Trooper (Gargoyle Monk)                     Turns: 205, Time: 00:00:34

Health: 0/19       AC:  4    Str: 14    XL:     2   Next: 0%
Magic:  2/2        EV: 12    Int: 10    God:
Gold:   0          SH:  0    Dex: 12    Spells: 1/1 levels left

rFire   . . .      SeeInvis .   a - +0 mace
rCold   . . .      Faith    .   (no shield)
rNeg    + . .      Spirit   .   b - +0 robe
rPois   ∞          Reflect  .   (no helmet)
rElec   +          Harm     .   (no cloak)
rCorr   .          Rampage  .   (no gloves)
Will    .....                   (no boots)
Stlth   ++........              (no amulet)
HPRegen 0.06/turn               (no ring)
MPRegen 0.08/turn               (no ring)

@: no status effects
A: sickness immunity, AC +2, negative energy resistance 1, electricity
resistance, torment resistance 1, petrification resistance
a: no special abilities


You were on level 1 of the Dungeon.
You visited 1 branch of the dungeon, and saw 1 of its levels.

Inventory:

Hand Weapons
 a - a +0 mace (weapon)
Armour
 b - a +0 robe (worn)


   Skills:
 + Level 3.4 Fighting
 + Level 3.1 Maces & Flails
 + Level 2.5 Dodging
 - Level 2.1 Stealth


You had one spell level left.
You didn't know any spells.
Your spell library was empty.

Dungeon Overview and Level Annotations

Branches:
Dungeon (1/15)

Altars:


Innate Abilities, Weirdness & Mutations

You are immune to sickness and miasma.
Your stone body is resilient. (AC +2)
You are immune to poison.
You resist negative energy. (rN+)
You are resistant to electric shocks. (rElec)
You are resistant to unholy torment.
You are immune to petrification.


Message History

The kobold hits you but does no damage.
The hobgoblin hits you but does no damage.
The giant cockroach barely misses you.
You hit the hobgoblin but do no damage.
The hobgoblin is almost dead.
The kobold hits you with a +0 dagger. The hobgoblin closely misses you.
The giant cockroach bites you but does no damage.
You closely miss the hobgoblin.
The hobgoblin is almost dead.
The giant cockroach completely misses you.
The kobold hits you with a +0 dagger. The hobgoblin hits you.
The giant cockroach closely misses you. The hobgoblin closely misses you.
The kobold closely misses you.
You hit the hobgoblin but do no damage.
The hobgoblin is almost dead.
The giant cockroach bites you but does no damage.
The kobold hits you but does no damage. The hobgoblin barely misses you.
You hit the hobgoblin but do no damage.
The hobgoblin is almost dead.
The giant cockroach closely misses you. The kobold hits you but does no damage.
The hobgoblin barely misses you. The giant cockroach misses you.
You closely miss the hobgoblin.
The hobgoblin is almost dead.
The kobold closely misses you. The hobgoblin barely misses you.
The giant cockroach barely misses you.
You hit the hobgoblin but do no damage.
The hobgoblin is almost dead.
The giant cockroach bites you. The kobold hits you but does no damage.
The hobgoblin hits you.
* * * LOW HITPOINT WARNING * * *
The giant cockroach bites you but does no damage.
The kobold hits you with a +0 dagger.
* * * LOW HITPOINT WARNING * * *
The hobgoblin closely misses you.
You hit the hobgoblin.
You kill the hobgoblin!
The giant cockroach bites you.
* * * LOW HITPOINT WARNING * * *
The kobold hits you with a +0 dagger.
You die...

..........##..#
#..#.#
#.######### #.##
##...# #.......#
... ##..#
#.#####.#
##.###...# #.#
#.##..#..# #.#
#.#..###...# #.#
#.#.## ##.# ###
##.#.# .# #..@)#
##.#
####.K.B##.....
................
###......##.....
#..#....# ####
...##.##.#
###... #.# ..##
#.. ### ##.


You could see a giant cockroach and a kobold.

Vanquished Creatures
  A goblin (D:1)
  4 hobgoblins (D:1)
  A quokka (D:1)
6 creatures vanquished.

Notes
Turn   | Place    | Note
-------+----------+-------------------------------------------
     0 | D:1      | Newt the Gargoyle Monk began the quest for the Orb.
     0 | D:1      | Reached XP level 1. HP: 14/14 MP: 1/1
   194 | D:1      | Reached XP level 2. HP: 19/19 MP: 2/2
   205 | D:1      | Slain by a kobold

Illustrated notes

Levels and vault maps discovered:
D:1:      matt_arrival_spirals, layout_rooms,
          shapermc_ecumenical_altar_mp_urbaneastern,
          hangedman_abyss_or_decor_stabs

Action                   || total
-------------------------++-------
Melee: Mace              ||    31
  Use: Potion            ||     1
Armor: Robe              ||    30
Dodge: Dodged            ||    47

Table legend: (Time is in decaauts)
 A = Elapsed time spent in this place.
 B = Non-inter-level travel time spent in this place.
 C = Inter-level travel time spent in this place.
 D = Time resting spent in this place.
 E = Time spent auto-exploring this place.
 F = Levels seen in this place.
 G = Mean time per level.
                   A        B        C        D        E       F      G
               +--------+--------+--------+--------+--------+-----+--------+
         Total |    212 |    212 |      0 |      0 |    153 |   1 |  212.0 |
       Dungeon |    212 |    212 |      0 |      0 |    153 |   1 |  212.0 |
               +--------+--------+--------+--------+--------+-----+--------+

Top non-repeatable levels by time:
     D:1: 212 daAuts
